 Dungeon Crawl Stone Soup version 0.29-a0-553-g81b289dbe5 (webtiles) character file.

Game seed: 873241907062437311

1064 croobank the Covert (level 8, 0/100 HPs)
             Began as a Gnoll Delver on June 6, 2022.
             Succumbed to a water moccasin's poison
             ... on level 5 of the Dungeon.
             The game lasted 00:25:36 (6316 turns).

croobank the Covert (Gnoll Delver)                  Turns: 6316, Time: 00:25:37

Health: 0/100      AC:  7    Str: 11    XL:     8   Next: 27%
Magic:  12/12      EV: 16    Int: 13    God:
Gold:   389        SH:  0    Dex: 13    Spells: 13/13 levels left

rFire   . . .      SeeInvis .   G - +2 whip (flame)
rCold   . . .      Faith    .   (no shield)
rNeg    . . .      Spirit   .   t - +0 ring mail
rPois   .          Reflect  .   (no helmet)
rElec   .          Harm     .   C - +1 cloak
rCorr   +          Rampage  .   (no gloves)
Will    .....                   (no boots)
Stlth   ..........              (no amulet)
HPRegen 0.26/turn               h - +4 ring of evasion
MPRegen 0.13/turn               u - ring of resist corrosion

@: berserking, lethally poisoned (0 -> -18), hasted, very quick
A: fangs 1, strong nose, distributed training
a: no special abilities


You were on level 5 of the Dungeon.
You visited 1 branch of the dungeon, and saw 5 of its levels.
You also visited: Sewer.

You collected 389 gold pieces.

Inventory:

Hand Weapons
 a - a +1 hand axe
 b - a +0 hunting sling
 w - a +0 dagger
 G - a +2 whip of flaming (weapon)
Missiles
 r - 5 javelins (quivered)
 F - 71 stones
Armour
 t - a +0 ring mail (worn)
 B - a +0 leather armour
 C - a +1 cloak (worn)
 I - a +2 robe of positive energy
Jewellery
 h - a +4 ring of evasion (left hand)
 m - a ring of ice
 u - a ring of resist corrosion (right hand)
 J - an amulet of guardian spirit
Wands
 g - a wand of digging (1)
 E - a wand of paralysis (4)
Scrolls
 c - a scroll of fog
 d - a scroll of magic mapping
 i - 2 scrolls of immolation
 j - 2 scrolls of fear
 k - 2 scrolls of summoning
 l - a scroll of amnesia
 o - 4 scrolls of teleportation
 y - a scroll of blinking
Potions
 n - 3 potions of magic
 s - 4 potions of heal wounds {unknown}
 v - a potion of might {unknown}
 x - 2 potions of lignification {unknown}
 z - 2 potions of mutation {unknown}
 D - 3 potions of flight {unknown}
 H - a potion of degeneration {unknown}


   Skills:
 + Level 7.3 Fighting
 + Level 3.1 Short Blades
 + Level 3.1 Long Blades
 + Level 5.6 Axes
 + Level 3.1 Maces & Flails
 + Level 3.1 Polearms
 + Level 3.1 Staves
 + Level 3.1 Slings
 + Level 3.1 Bows
 + Level 3.1 Crossbows
 + Level 3.1 Throwing
 + Level 3.1 Armour
 + Level 5.6 Dodging
 + Level 10.1 Stealth
 + Level 3.1 Shields
 + Level 3.1 Unarmed Combat
 + Level 3.1 Spellcasting
 + Level 2.5 Conjurations
 + Level 2.5 Hexes
 + Level 2.5 Summonings
 + Level 2.5 Necromancy
 + Level 2.5 Translocations
 + Level 2.5 Transmutations
 + Level 2.5 Fire Magic
 + Level 2.5 Ice Magic
 + Level 2.5 Air Magic
 + Level 2.5 Earth Magic
 + Level 2.5 Poison Magic
 + Level 3.4 Invocations
 + Level 3.1 Evocations


You had 13 spell levels left.
You didn't know any spells.
Your spell library was empty.

Dungeon Overview and Level Annotations

Branches:
Dungeon (5/15)              Sewer (visited)
 Temple: D:4-7

Altars:
Ashenzari
Qazlal
Trog
Uskayaw
Zin

Annotations:
D:5 2 transporters, DocClef's ghost, weakling GnDe


Innate Abilities, Weirdness & Mutations

You have very sharp teeth.
Your uncanny sense of smell can sniff out nearby items.
Your experience applies equally to all skills.


Message History

You are poisoned.
The water moccasin poisons you!
A red film seems to cover your vision as you go berserk!
You feel yourself moving faster!
You feel mighty!
You feel very sick. The water moccasin closely misses you.
You barely miss the water moccasin. Your bite misses the water moccasin.
You feel very sick. The water moccasin bites you.
* * * LOW HITPOINT WARNING * * *
You completely miss the water moccasin.
You feel sick. The water moccasin bites you.
* * * LOW HITPOINT WARNING * * *
You completely miss the water moccasin. You bite the water moccasin.
The water moccasin is lightly wounded.
You feel sick. The water moccasin bites you.
* * * LOW HITPOINT WARNING * * *
You are lethally poisoned!
The water moccasin poisons you!
You are too berserk!
You are too berserk!
Sorry, you're not good enough to have a special ability.
You closely miss the water moccasin.
The water moccasin is lightly wounded.
* * * LOW HITPOINT WARNING * * *
You feel very sick. The water moccasin misses you.
You puncture the water moccasin!
The water moccasin is moderately wounded.
* * * LOW HITPOINT WARNING * * *
You feel very sick.
You barely miss the water moccasin. Your bite misses the water moccasin.
The water moccasin is moderately wounded.
* * * LOW HITPOINT WARNING * * *
You feel very sick. The water moccasin closely misses you.
You are too berserk!
Your +2 whip of flaming bursts into flame!
G - a +2 whip of flaming (weapon)
You die...

..# # #.# #
#.#.# # #.
.#.###.##.
.#####
.....>...
.....##.....O..
#.###§#.###.##
#.#§§§..?...M..
#.#@#§####.####
##§§S#####.#
##§§§§§...#
#§§####### #..#
#.# #..# #.#
#..# #.# #..#
#.# #..# #.#


You could see a water moccasin.

Vanquished Creatures
  Pikel (D:5)
  Menkaure (D:5)
  2 ogres
  A howler monkey (D:5)
  An orc priest (D:4)
  An iguana (D:5)
  2 orc wizards (D:4)
  6 adders
  A river rat (Sewer)
  4 worms
  4 dart slugs
  12 orcs
  6 bats
  8 endoplasms
  2 giant cockroaches (D:5)
  6 goblins
  7 hobgoblins
  4 jackals (D:2)
  9 quokkas
  8 ball pythons
  9 frilled lizards
  3 kobolds
  16 rats
114 creatures vanquished.

Vanquished Creatures (others)
  9 fungi (D:2)
  38 plants (D:2)
  4 toadstools (D:2)
51 creatures vanquished.

Grand Total: 165 creatures vanquished

Notes
Turn   | Place    | Note
-------+----------+-------------------------------------------
     0 | D:5      | Reached skill level 9 in Stealth
     0 | D:5      | croobank the Gnoll Delver began the quest for the Orb.
     0 | D:5      | Reached XP level 1. HP: 23/23 MP: 1/1
    11 | D:5      | Found a transporter.
    12 | D:5      | Noticed an ogre
    13 | D:5      | Noticed a scorpion
    14 | D:5      | Found a transporter.
    17 | D:5      | Noticed DocClef's ghost (weakling GnDe)
    19 | D:5      | Noticed a troll
    20 | D:5      | Noticed an iguana
    58 | D:5      | Noticed a lemure
    70 | D:5      | Noticed a howler monkey
    79 | D:5      | Killed a howler monkey
    80 | D:5      | Reached skill level 1 in Invocations
    80 | D:5      | Reached XP level 2. HP: 15/29 MP: 1/3
    80 | D:5      | Reached XP level 3. HP: 19/35 MP: 1/4
    90 | D:5      | Noticed a lemure
    95 | D:5      | Noticed a lemure
   247 | D:5      | Found a glowing drain.
   295 | Sewer    | Entered a sewer
   342 | Sewer    | Reached skill level 1 in Short Blades
   342 | Sewer    | Reached skill level 1 in Long Blades
   342 | Sewer    | Reached skill level 1 in Maces & Flails
   342 | Sewer    | Reached skill level 1 in Polearms
   342 | Sewer    | Reached skill level 1 in Staves
   342 | Sewer    | Reached skill level 1 in Slings
   342 | Sewer    | Reached skill level 1 in Bows
   342 | Sewer    | Reached skill level 1 in Crossbows
   342 | Sewer    | Reached skill level 1 in Throwing
   342 | Sewer    | Reached skill level 1 in Armour
   342 | Sewer    | Reached skill level 1 in Shields
   342 | Sewer    | Reached skill level 1 in Unarmed Combat
   342 | Sewer    | Reached skill level 1 in Spellcasting
   342 | Sewer    | Reached skill level 1 in Evocations
   342 | Sewer    | Reached XP level 4. HP: 34/41 MP: 5/5
   756 | D:5      | Reached skill level 1 in Conjurations
   756 | D:5      | Reached skill level 1 in Hexes
   756 | D:5      | Reached skill level 1 in Summonings
   756 | D:5      | Reached skill level 1 in Necromancy
   756 | D:5      | Reached skill level 1 in Translocations
   756 | D:5      | Reached skill level 1 in Transmutations
   756 | D:5      | Reached skill level 1 in Fire Magic
   756 | D:5      | Reached skill level 1 in Ice Magic
   756 | D:5      | Reached skill level 1 in Air Magic
   756 | D:5      | Reached skill level 1 in Earth Magic
   756 | D:5      | Reached skill level 1 in Poison Magic
  1223 | D:1      | Reached XP level 5. HP: 41/47 MP: 6/6
  1594 | D:1      | Found a faded altar of an unknown god.
  3508 | D:3      | Found a bloodstained altar of Trog.
  3510 | D:3      | Found a glowing silver altar of Zin.
  3512 | D:3      | Found a hide-covered altar of Uskayaw.
  3793 | D:4      | Found a stormy altar of Qazlal.
  3897 | D:4      | Reached XP level 6. HP: 47/53 MP: 8/8
  4011 | D:4      | Reached skill level 5 in Axes
  4011 | D:4      | Reached skill level 5 in Dodging
  4860 | D:4      | Found a broken altar of Ashenzari.
  5829 | D:5      | Noticed Pikel
  5842 | D:5      | Killed Pikel
  5843 | D:5      | Reached skill level 10 in Stealth
  5843 | D:5      | Reached XP level 7. HP: 58/60 MP: 9/11
  5843 | D:5      | Reached XP level 8. HP: 65/67 MP: 9/12
  5938 | D:5      | Noticed Menkaure
  6307 | D:5      | Killed Menkaure
  6314 | D:5      | HP: 4/100 [poisoned by a water moccasin]
  6315 | D:5      | HP: 1/100 [poisoned by a water moccasin]
  6316 | D:5      | Succumbed to a water moccasin's poison

Illustrated notes

Levels and vault maps discovered:
D:1:      dpeg_arrival_rhombus, layout_loops_ring,
          dreamdust_ecumenical_altar_hidden_monk_grotto, minmay_hexomino_f4
D:2:      layout_loops_corners, minmay_gold_behind_fungi, serial_bayou_lagoon_a
D:3:      layout_loops_ring, grunt_temple_overflow_open
D:4:      layout_layer_cave, grunt_qazlal_sundering, evilmike_ruin_ashenzari
D:5:      layout_loops_ring, mainiacjoe_overflow_catwalk, gup_sewer_entry_pipe,
          gammafunk_ghost_arena, uniq_edmund, uniq_pikel, uniq_menkaure

Skill      XL: |  1  2  3  4  5  6  7  8 |
---------------+-------------------------+-----
Stealth        | 10 | 10.1
Invocations    | 1 3 |  3.4
Short Blades   | 1 2 3 |  3.1
Long Blades    | 1 2 3 |  3.1
Maces & Flails | 1 2 3 |  3.1
Polearms       | 1 2 3 |  3.1
Staves         | 1 2 3 |  3.1
Slings         | 1 2 3 |  3.1
Bows           | 1 2 3 |  3.1
Crossbows      | 1 2 3 |  3.1
Throwing       | 1 2 3 |  3.1
Armour         | 1 2 3 |  3.1
Shields        | 1 2 3 |  3.1
Unarmed Combat | 1 2 3 |  3.1
Spellcasting   | 1 2 3 |  3.1
Evocations     | 1 2 3 |  3.1
Conjurations   | 1 2 |  2.5
Hexes          | 1 2 |  2.5
Summonings     | 1 2 |  2.5
Necromancy     | 1 2 |  2.5
Translocations | 1 2 |  2.5
Transmutations | 1 2 |  2.5
Fire Magic     | 1 2 |  2.5
Ice Magic      | 1 2 |  2.5
Air Magic      | 1 2 |  2.5
Earth Magic    | 1 2 |  2.5
Poison Magic   | 1 2 |  2.5
Axes           | 5 |  5.6
Dodging        | 5 |  5.6
Fighting       | 7 |  7.3

Action                   |  1- 3 |  4- 6 |  7- 9 || total
-------------------------+-------+-------+-------++-------
Melee: Hand axe          |    50 |   348 |       ||   398
       Bite              |     3 |    34 |     5 ||    42
       Punch             |       |    11 |     1 ||    12
       Dagger            |       |    21 |    20 ||    41
       Whip              |       |       |    11 ||    11
Throw: Javelin           |       |     3 |       ||     3
Evoke: Wand              |     1 |     4 |     1 ||     6
  Use: Scroll            |     1 |    14 |     2 ||    17
       Potion            |       |     1 |     6 ||     7
 Stab: Sleeping          |     1 |    31 |       ||    32
       Paralysed         |       |     6 |     1 ||     7
Armor: Leather armour    |    12 |    15 |       ||    27
       Ring mail         |       |    67 |     7 ||    74
Dodge: Dodged            |    36 |   273 |    32 ||   341

Table legend: (Time is in decaauts)
 A = Elapsed time spent in this place.
 B = Non-inter-level travel time spent in this place.
 C = Inter-level travel time spent in this place.
 D = Time resting spent in this place.
 E = Time spent auto-exploring this place.
 F = Levels seen in this place.
 G = Mean time per level.
                   A        B        C        D        E       F      G
               +--------+--------+--------+--------+--------+-----+--------+
         Total |   6386 |   6270 |    116 |    772 |   4220 |   6 | 1064.3 |
       Dungeon |   5944 |   5828 |    116 |    772 |   3910 |   5 | 1188.8 |
         Sewer |    441 |    441 |      0 |      0 |    309 |   1 |  441.0 |
               +--------+--------+--------+--------+--------+-----+--------+

Top non-repeatable levels by time:
     D:4: 1886 daAuts
     D:5: 1256 daAuts
     D:2: 1227 daAuts
     D:1: 892 daAuts
     D:3: 681 daAuts
   Sewer: 441 daAuts
